 Dungeon Crawl Stone Soup version 0.31.0-1-g2c135a0 (webtiles) character file.

Game seed: 10054740197733259680

2 jagoly the Apothecary (level 1, 0/11 HPs)
             Began as an Octopode Alchemist on Jan 24, 2024.
             Slain by a frilled lizard (2 damage)
             ... on level 1 of the Dungeon.
             The game lasted 00:00:57 (51 turns).

jagoly the Apothecary (Octopode Alchemist)            Turns: 51, Time: 00:00:57

Health: 0/11       AC:  1    Str:  7    XL:     1   Next: 30%
Magic:  0/3        EV: 13    Int: 17    God:
Gold:   0          SH:  0    Dex: 12    Spells: 3/4 levels left

rFire   . . .        (no weapon)
rCold   . . .        (no shield)
rNeg    . . .        (helmet restricted)
rPois   .            (no amulet)
rElec   .            (no ring)
rCorr   .            (no ring)
SInv    .            (no ring)
Will    .....        (no ring)
Stlth   +++          (no ring)
HPRegen 0.21/turn    (no ring)
MPRegen 0.08/turn    (no ring)
                     (no ring)

%: no passive effects
@: no status effects
A: almost no armour, amphibious, 8 rings, camouflage 1, gelatinous body 1,
(nimble swimmer 1), tentacles
a: no special abilities


You were on level 1 of the Dungeon.
You visited 1 branch of the dungeon, and saw 1 of its levels.

Inventory:

Potions
 a - a potion of magic


   Skills:
 - Level 2.0 Dodging
 + Level 2.7 Stealth
 - Level 2.0 Spellcasting
 * Level 1.1 Conjurations
 * Level 3.3 Alchemy


You had 3 spell levels left.
You knew the following spells:

 Your Spells              Type           Power      Damage    Failure   Level
a - Sting                 Conj/Alch      36%        1d5       8%          1

Your spell library contained the following spells:

 Spells                   Type           Power      Damage    Failure   Level
 Mercury Vapours          Alch/Air       14%        N/A       14%         2
 Momentum Strike          Conj/Tloc      6%         3d8       24%         2
 Blink                    Tloc           2%         N/A       28%         2
 Lesser Beckoning         Tloc           2%         N/A       28%         2
 Mephitic Cloud           Conj/Alch/Air  6%         N/A       32%         3
 Olgreb's Toxic Radiance  Alch           13%        N/A       43%         4
 Sticky Flame             Fire/Alch      7%         2d4       67%         4


Dungeon Overview and Level Annotations

Branches:
Dungeon (1/15) Zot: 5948

Altars:


Innate Abilities, Weirdness & Mutations

You cannot wear most types of armour.
You are amphibious.
You can wear up to eight rings at the same time.
Your skin changes colour to match your surroundings (Stealth+).
Your rubbery body absorbs attacks. (AC +1, EV +1)
((You are camouflaged when in or above water. (Stealth+)))
You have tentacles for arms and can constrict up to eight enemies at once.


Message History

Welcome, jagoly the Octopode Alchemist.
Will you be the one to retrieve the fabulous Orb of Zot from the depths?
Press ? for a list of commands and other information.
Found a staircase leading out of the dungeon.
You open the door.
There is an open door here.
A goblin comes into view. It is wielding a +0 club.
The goblin shouts!
A goblin is nearby!
Cast which spell? (? or * to list)
Aiming: Sting (safe; 9% risk of failure)
Press: ? - help, Shift-Dir - straight line, f - goblin
Aim: a goblin, wielding a +0 club (60% to hit)
The sting hits the goblin.
The goblin is poisoned.
The goblin is moderately wounded.
You tentacle-slap the goblin.
You kill the goblin!
Found a book of Spatial Translocations.
Magic restored.
You pick up a book of Spatial Translocations and begin reading...
You add the spells Blink, Momentum Strike and Lesser Beckoning to your library.
A rat comes into view.
Cast which spell? (? or * to list)
Aiming: Sting (safe; 8% risk of failure)
Press: ? - help, Shift-Dir - straight line, f - rat
Aim: a rat (asleep, 100% to hit)
The sting hits the rat but does no damage.
The rat is poisoned.
The rat squeaks loudly.
You hear a shout!
You hear an angry hiss.
A kobold comes into view. It is wielding a +0 dagger.
You kill the rat!
The kobold throws a stone.
The stone hits you.
You see here a rat corpse.
A frilled lizard comes into view.
The kobold throws a stone.
The stone hits you. The kobold misses you.
Cast which spell? (? or * to list)
Aiming: Sting (safe; 8% risk of failure)
Press: ? - help, Shift-Dir - straight line, f - kobold
Aim: a kobold, wielding a +0 dagger and quivering stones (60% to hit)
The sting hits the kobold but does no damage.
The kobold is poisoned.
The kobold barely misses you.
Cast which spell? (? or * to list)
Aiming: Sting (safe; 8% risk of failure)
Press: ? - help, Shift-Dir - straight line, f/p - kobold
Aim: a kobold, wielding a +0 dagger and quivering stones (poisoned, 60% to hit)
The sting misses the kobold.
The kobold hits you with a +0 dagger.
* * * LOW HITPOINT WARNING * * *
Attack: -) Tentacles
Press: ? - help, Dir - move target, f/p - kobold
Aim: a kobold, wielding a +0 dagger and quivering stones (poisoned, about 45% to evade your tentacles)
You tentacle-slap the kobold. You grab the kobold.
The kobold is moderately wounded.
You constrict the kobold, but do no damage.
The kobold hits you with a +0 dagger.
* * * LOW HITPOINT WARNING * * *
The frilled lizard barely misses you.
Attack: -) Tentacles
Press: ? - help, Dir - move target, f/p - kobold
Aim: a kobold, wielding a +0 dagger and quivering stones (severely wounded, constricted by you, poisoned, about 14% to evade your tentacles)
You tentacle-slap the kobold.
You kill the kobold!
The frilled lizard bites you.
You die...

###.#####.####..
................
... ######.......#
.. #.......# ..
#.......# .#
#.......#####.#####
####.#####........#
#.#####.l......#
#.....†.@).....#
#######........#
#........#
#.........
##########


You could see a frilled lizard.

Vanquished Creatures
  A goblin (D:1)
  A kobold (D:1)
  A rat (D:1)
3 creatures vanquished.

Notes
Turn   | Place    | Note
-------+----------+-------------------------------------------
     0 | D:1      | jagoly the Octopode Alchemist began the quest for the Orb.
     0 | D:1      | Reached XP level 1. HP: 11/11 MP: 3/3
    51 | D:1      | Slain by a frilled lizard

Illustrated notes

Levels and vault maps discovered:
D:1:      beargit_arrival_greenhouse, layout_basic, basic_ecumenical_altar,
          kennysheep_small_spiral, minmay_split_cup_large

Action                     || total
---------------------------++-------
  Melee: Unarmed           ||     3
         Constrict         ||     1
   Cast: Sting             ||     4
 Armour: Skin              ||     5
  Dodge: Dodged            ||     3
